 Dungeon Crawl Stone Soup version 0.17.1-1-g73c8601 (webtiles) character file.

224 tinkerttoy the Sneak (level 5, -1/24 HPs)
             Began as a Spriggan Enchanter on Apr 1, 2016.
             Killed from afar by Edmund (8 damage)
             ... with a wand of frost
             ... on level 4 of the Dungeon.
             The game lasted 00:12:44 (3243 turns).

tinkerttoy the Sneak (Spriggan Enchanter)           Turns: 3243, Time: 00:12:45

Health: -1/24      AC:  3    Str:  4    XL:     5   Next: 67%
Magic:  6/12       EV: 18    Int: 17    God:
Gold:   131        SH:  0    Dex: 17    Spells: 3 memorised, 6 levels left

rFire  . . .     SeeInvis +     a - +1 dagger
rCold  . . .     Clarity  .     b - +1 robe
rNeg   . . .     SustAt   .     (shield restricted)
rPois  .         Gourm    .     (helmet restricted)
rElec  .         Spirit   .     (no cloak)
rCorr  .         Warding  .     (gloves unavailable)
rMut   .         Stasis   .     (boots unavailable)
MR     .....                    (no amulet)
Stlth  ++++......               (no ring)
                                (no ring)

@: very quick, not resistant to hostile enchantments, stealthy
A: unfitting armour, see invisible, herbivore 3, speed 3, slow metabolism 2
a: no special abilities


You were on level 4 of the Dungeon.
You were full.

You visited 1 branch of the dungeon, and saw 4 of its levels.

You collected 131 gold pieces.

Inventory:

Hand Weapons
 a - a +1 dagger (weapon)
Missiles
 z - 3 curare-tipped needles
Armour
 b - a +1 robe (worn)
Jewellery
 r - an uncursed ring of fire {unknown}
 t - an uncursed ring of see invisible {unknown}
 u - an uncursed ring of protection from fire {unknown}
 v - an uncursed ring of positive energy {unknown}
 B - an uncursed ring of positive energy {unknown}
Scrolls
 e - 2 scrolls of enchant weapon {unknown}
 g - 2 scrolls of amnesia {unknown}
 i - 3 scrolls of recharging {unknown}
 j - 4 scrolls of identify {unknown}
 n - a scroll of blinking {unknown}
 o - a scroll of fog {unknown}
 p - a scroll of remove curse {unknown}
 s - a scroll of random uselessness {unknown}
 x - 3 scrolls of enchant armour {unknown}
 y - 4 scrolls of teleportation {unknown}
 A - a scroll of noise {unknown}
 D - a scroll of magic mapping {unknown}
Potions
 f - a potion of heal wounds {unknown}
 h - 2 potions of curing {unknown}
 k - a potion of invisibility {unknown}
 l - 3 potions of resistance {unknown}
 m - a potion of agility {unknown}
 q - 2 potions of flight {unknown}
 w - a potion of poison {unknown}
 C - a potion of mutation {unknown}
 E - a potion of haste {unknown}
 F - a potion of berserk rage {unknown}
Books
 c - a book of Maledictions

   Spells                             Type                      Level
   a - Corona                         Hexes                        1
   b - Ensorcelled Hibernation        Hexes/Ice                    2
   c - Confuse                        Hexes                        3
   d - Tukima's Dance                 Hexes                        3
   e - Dazzling Spray                 Conjuration/Hexes            3
Comestibles
 d - 2 bread rations


   Skills:
 - Level 1.1 Short Blades
 - Level 3.0 Dodging
 * Level 7.6 Stealth
 + Level 4.4 Spellcasting
 + Level 5.0 Hexes


You had 6 spell levels left.
You knew the following spells:

 Your Spells              Type           Power        Failure   Level  Hunger
a - Corona                Hex            ###....      1%          1    None
b - Ensorcelled Hibernat  Hex/Ice        ##....       10%         2    ##.....
c - Confuse               Hex            ###.....     8%          3    ###....


Dungeon Overview and Level Annotations

Branches:
Dungeon (4/15)
 Temple: D:4-7

Altars:
Ashenzari
Kikubaaqudgha
Trog
Vehumet

Annotations:
D:4 Edmund


Innate Abilities, Weirdness & Mutations

You are tiny and cannot use many weapons and most armour.
You have supernaturally acute eyesight.
You are a herbivore.
You cover ground extremely quickly.
You need consume almost no food.


Message History

Press: ? - help, Shift-Dir - straight line, f - Edmund
Aim: Edmund, wielding a flail of crushing, wearing a chain mail and carrying a wand of frost {zapped: 1} (chance to defeat MR: 43%) Edmund resists with some effort.
Casting: Ensorcelled Hibernation
Confirm with . or Enter, or press ? or * to list all spells.
Aiming: Ensorcelled Hibernation
Press: ? - help, Shift-Dir - straight line, f/p - Edmund
Aim: Edmund, wielding a flail of crushing, wearing a chain mail and carrying a wand of frost {zapped: 1} (chance to defeat MR: 43%) Edmund resists with some effort.
Edmund zaps a wand.
The puff of frost hits you!
* * * LOW HITPOINT WARNING * * *
You see here a quokka corpse.
Casting: Ensorcelled Hibernation
Confirm with . or Enter, or press ? or * to list all spells.
Aiming: Ensorcelled Hibernation
Press: ? - help, Shift-Dir - straight line, f/p - Edmund
Aim: Edmund, wielding a flail of crushing, wearing a chain mail and carrying a wand of frost {zapped: 2} (chance to defeat MR: 43%) Edmund resists with some effort.
Edmund zaps a wand.
The puff of frost hits you!
You die... #. #. #. #. #. #. ####.#.####### ......$@.@..<# ####.#.####### #. #. #. #. #@ #.

You could see Edmund.

Vanquished Creatures
  The ghost of msp the Chopper, an amateur DDWr (D:3)
  Robin (D:2)
  5 adders
  3 worms
  An orc (D:3)
  5 giant cockroaches
  10 hobgoblins
  2 jackals (D:1)
  4 kobolds
  2 quokkas
  A ball python (D:1)
  13 bats
  3 giant newts
  14 goblins
  5 rats
70 creatures vanquished.

Notes
Turn   | Place    | Note
--------------------------------------------------------------
     0 | D:1      | tinkerttoy the Spriggan Enchanter began the quest for the Orb.
     0 | D:1      | Reached XP level 1. HP: 9/9 MP: 5/5
   269 | D:1      | Reached XP level 2. HP: 10/13 MP: 7/7
   284 | D:1      | Learned a level 2 spell: Ensorcelled Hibernation
   319 | D:1      | Reached skill level 5 in Stealth
   799 | D:2      | Found a shattered altar of Ashenzari.
  1051 | D:2      | Noticed Robin
  1307 | D:2      | Reached XP level 3. HP: 14/16 MP: 5/8
  1909 | D:2      | Killed Robin
  1909 | D:2      | Reached skill level 6 in Stealth
  1909 | D:2      | Reached XP level 4. HP: 14/21 MP: 5/10
  2134 | D:3      | Found a radiant altar of Vehumet.
  2438 | D:3      | Found a bloodstained altar of Trog.
  2588 | D:3      | Found an ancient bone altar of Kikubaaqudgha.
  2788 | D:3      | Learned a level 3 spell: Confuse
  2796 | D:3      | Noticed msp's ghost (amateur DDWr)
  2826 | D:3      | Killed msp's ghost
  2826 | D:3      | Reached skill level 7 in Stealth
  2826 | D:3      | Reached XP level 5. HP: 5/24 MP: 7/12
  3095 | D:3      | Reached skill level 5 in Hexes
  3230 | D:4      | Noticed Edmund
  3243 | D:4      | Killed from afar by Edmund

Action                   |  1- 3 |  4- 6 || total
-------------------------+-------+-------++-------
Melee: Dagger            |   121 |    68 ||   189
 Cast: Ensorcelled Hiber |    20 |     7 ||    27
       Confuse           |       |     2 ||     2
 Stab: Sleeping          |    20 |    15 ||    35
       Confused          |       |     2 ||     2
  Eat: Bread ration      |       |     1 ||     1
